 Dungeon Crawl Stone Soup version 0.28-a0-1002-gf00fe891ef (webtiles) character file.

Game seed: 7041030186994346911

18 joejoepie the Grave Robber (level 2, 0/17 HPs)
             Began as a Vampire Necromancer on Dec 6, 2021.
             Succumbed to an adder's poison
             ... on level 2 of the Dungeon.
             The game lasted 00:08:39 (1029 turns).

joejoepie the Grave Robber (Vampire Necromancer)    Turns: 1029, Time: 00:08:39

Health: 0/17       AC:  2    Str:  7    XL:     2   Next: 51%
Magic:  0/5        EV: 12    Int: 17    God:
Gold:   47         SH:  0    Dex: 14    Spells: 2/5 levels left

rFire   . . .      SeeInvis +   e - +1 mace (protect)
rCold   . . .      Faith    .   (no shield)
rNeg    . . .      Spirit   .   a - +0 robe
rPois   +          Reflect  .   (no helmet)
rElec   .          Harm     .   (no cloak)
rCorr   .          Rampage  .   (no gloves)
Will    .....                   (no boots)
Stlth   ++........              (no amulet)
HPRegen 0.25/turn               (no ring)
MPRegen 0.09/turn               (no ring)

@: lethally poisoned (0 -> -1), healing quickly
A: alive, fangs 3, see invisible, vampiric 1, frail 1, poison resistance
a: Exsanguinate


You were on level 2 of the Dungeon.
You visited 1 branch of the dungeon, and saw 2 of its levels.

You collected 47 gold pieces.

Inventory:

Hand Weapons
 b - a +1 club
 e - a +1 mace of protection (weapon)
Armour
 a - a +0 robe (worn)
Jewellery
 d - an amulet of magic regeneration
Potions
 c - a potion of mutation


   Skills:
 + Level 2.3 Dodging
 + Level 3.1 Stealth
 + Level 2.1 Spellcasting
 + Level 5.0 Necromancy


You had 2 spell levels left.
You knew the following spells:

 Your Spells              Type           Power      Damage    Failure   Level
a - Pain                  Necr           76%        1d7       2%          1
b - Animate Skeleton      Necr           38%        N/A       2%          1
c - Summon Small Mammal   Summ           4%         N/A       19%         1

Your spell library contained the following spells:

 Spells                   Type           Power      Damage    Failure   Level
 Apportation              Tloc           2%         N/A       19%         1
 Vampiric Draining        Necr           19%        2d7       7%          3
 Animate Dead             Necr           9%         N/A       24%         4
 Dazzling Flash           Conj/Hex       2%         N/A       50%         3
 Agony                    Necr           19%        N/A       54%         5
 Silence                  Hex/Air        0%         N/A       99%         5


Dungeon Overview and Level Annotations

Branches:
Dungeon (2/15)

Altars:


Innate Abilities, Weirdness & Mutations

Your natural rate of healing is accelerated.
You have razor-sharp teeth.
You have supernaturally acute eyesight. (SInv)
You are afflicted with vampirism.
You are frail. (-10% HP)
Your system is resistant to poisons. (rPois)


Message History

Aim: an adder (heavily wounded, chance to affect: 84%)
The adder writhes in agony.
The adder barely misses you. The adder closely misses you.
You don't have enough magic to cast this spell.
You don't have enough magic to cast this spell.
You closely miss the adder.
The adder is almost dead.
The adder bites you. The adder barely misses you.
You barely miss the adder.
The adder is almost dead.
The adder bites you but does no damage. The adder bites you.
* * * LOW HITPOINT WARNING * * *
You barely miss the adder.
The adder is almost dead.
The adder bites you but does no damage.
You hit the adder but do no damage.
Your weapon exudes an aura of protection.
The adder is almost dead.
The adder bites you but does no damage. The adder barely misses you.
You barely miss the adder.
The adder is almost dead.
The adder bites you but does no damage. The adder misses you.
Aiming: Pain (safe; 2% risk of failure)
Press: ? - help, Q - select action, (/) - cycle Shift-Dir - straight line, f/p - adder
Aim: an adder (almost dead, chance to affect: 84%)
The adder barely resists.
The adder closely misses you.
You barely miss the adder.
The adder is almost dead.
The adder closely misses you. The adder bites you.
* * * LOW HITPOINT WARNING * * *
You are lethally poisoned!
The adder poisons you!
You barely miss the adder.
The adder is almost dead.
* * * LOW HITPOINT WARNING * * *
You feel sick. The adder misses you. The adder barely misses you.
You miss the adder.
The adder is almost dead.
You die...

..#.. ... . #.#.# #.###
#.#.# #.#.. #.#.#
#######.#.#
##.#.###.....#.#.#
#.........#....#.#
#####.#.......#....#.#
#..†..#.......#.......
#.....#.@#.......##'###.#
#..###.#.S#.......##.#.#.#
. .J#.##..###+###...#.#
..##.#...# #.# ###.#+#
.g.#..#.#.#.....#......
...##.##.#.#.#.#.##.....
...# ..#..#.#.#.#.##.....
†.##.##.#.#.#.##.....
..##..##.#.#.#.##.....


You could see an adder.

Vanquished Creatures
  A dart slug (D:1)
  2 ball pythons
  A bat (D:1)
  2 giant cockroaches (D:1)
  2 goblins (D:1)
  A hobgoblin (D:2)
  A quokka (D:2)
  2 frilled lizards
  A kobold (D:1)
  4 rats
17 creatures vanquished.

Notes
Turn   | Place    | Note
-------+----------+-------------------------------------------
     0 | D:1      | joejoepie the Vampire Necromancer began the quest for the
                  | Orb.
     0 | D:1      | Reached XP level 1. HP: 13/13 MP: 3/3
    79 | D:1      | Learned a level 1 spell: Animate Skeleton
   273 | D:1      | Reached XP level 2. HP: 17/19 MP: 0/5
   336 | D:1      | Found a faded altar of an unknown god.
   465 | D:1      | Gained mutation: Your system is resistant to poisons.
                  | (rPois) [potion of mutation]
   465 | D:1      | Gained mutation: You are frail. (-10% HP) [potion of
                  | mutation]
   904 | D:2      | Reached skill level 5 in Necromancy
   953 | D:2      | Learned a level 1 spell: Summon Small Mammal
  1029 | D:2      | Succumbed to an adder's poison

Illustrated notes

Levels and vault maps discovered:
D:1:      dpeg_arrival_round_a, layout_rooms, chequers_ecumenical_altar_grove
D:2:      minmay_evil_eye, layout_basic, kennysheep_generic_room_15

Skill      XL: |  1  2 |
---------------+-------+-----
Necromancy     | 5 |  5.0
Dodging        | |  2.3
Stealth        | |  3.1
Spellcasting   | |  2.1

Action                   || total
-------------------------++-------
Melee: Mace              ||     8
       Club              ||     2
 Cast: Pain              ||    28
       Animate Skeleton  ||     3
       Summon Small Mamm ||     2
 Abil: Exsanguinate      ||     1
  Use: Potion            ||     2
       Scroll            ||     1
Armor: Robe              ||     6
Dodge: Dodged            ||    11

Table legend: (Time is in decaauts)
 A = Elapsed time spent in this place.
 B = Non-inter-level travel time spent in this place.
 C = Inter-level travel time spent in this place.
 D = Time resting spent in this place.
 E = Time spent auto-exploring this place.
 F = Levels seen in this place.
 G = Mean time per level.
                   A        B        C        D        E       F      G
               +--------+--------+--------+--------+--------+-----+--------+
         Total |   1031 |   1004 |     27 |     92 |    718 |   2 |  515.5 |
       Dungeon |   1031 |   1004 |     27 |     92 |    718 |   2 |  515.5 |
               +--------+--------+--------+--------+--------+-----+--------+

Top non-repeatable levels by time:
     D:1: 675 daAuts
     D:2: 356 daAuts
